 Dungeon Sprint DCSS version 0.24.0-1-gfbc8707 (webtiles) character file.

Game seed: 18210834749219115347, levelgen mode: deterministic

516147 Fang the Conqueror (level 20, 157/157 HPs)
             Began as a Gargoyle Berserker on Nov 1, 2019.
             Was the Champion of Trog.
             Escaped with the Orb!
             The game lasted 00:16:22 (3644 turns).

Fang the Conqueror (Gargoyle Berserker)             Turns: 3644, Time: 00:16:23

Health: 157/157    AC: 65    Str: 34    XL:     20   Next: 74%
Magic:  20/20      EV: 26    Int:  7    God:    Trog [******]
Gold:   0          SH: 38    Dex: 12    Spells: 19/19 levels left

rFire    . . .     SeeInvis +   a - +9 broad axe (flame)
rCold    . . .     Gourm    .   E - +18 shield of the Gong {rElec rN+ MR+ EV-5}
rNeg     + + +     Faith    .   b - +15 Maxwell's patent armour {-Cast -Tele rElec MR+ rCorr}
rPois    ∞         Spirit   .   Z - +2 helmet {SInv}
rElec    +         Reflect  .   (no cloak)
rCorr    +         Harm     .   K - +2 pair of gloves {Str+3}
MR       +++..     NoTele   +   R - +2 pair of boots of the Assassin {Detection Stab+ Stlth++} Stlth ++........NoCast +
                                (no amulet)
HPRegen  0.36/turn              Q - ring "Ownam" {+Fly rElec rN++ Dex+3 Slay+2}
MPRegen  0.17/turn              A - ring of Phasing {EV+8}

@: no status effects
A: big wings, blurry vision 1, negative energy resistance 1, screaming 1,
electricity resistance, unbreathing, petrification resistance, rot immunity, AC
+15
0: Orb of Zot
a: Fly, Berserk, Trog's Hand, Brothers in Arms, Renounce Religion, Evoke Flight


You escaped.
You worshipped Trog.
Trog was exalted by your worship.
You were not hungry.

You visited 1 branch

Inventory:

Hand Weapons
 a - a +9 broad axe of flaming (weapon)
 C - a +3 vampiric broad axe
 M - the cursed +3 broad axe of Day {freeze, Str+2 Dex+4}
   (You took it off a yaktaur in the Dungeon)

   It has been specially enchanted to freeze those struck by it, causing extra
   injury to most foes and up to half again as much damage against particularly
   susceptible opponents.
   It can also slow down cold-blooded creatures.
   It affects your strength (+2).
   It affects your dexterity (+4).
   It has a curse placed upon it.
 P - the +7 broad axe "Muikh" {chaos, *Rage rC+ SInv}
   (Trog gifted it to you in the Dungeon)

   Each time it hits an enemy it has a different, random effect.
   It protects you from cold.
   It lets you see invisible.
   It may make you go berserk in combat.
 V - the +3 broad axe of the Evening {chop, +Rage Str+4}
   (Trog gifted it to you in the Dungeon)

   It inflicts extra damage upon your enemies.
   It affects your strength (+4).
   It lets you go berserk.
 W - the +11 broad axe of Purpose {chop, *Slow rF+ Dex+4}
   (You found it in the Dungeon)

   It inflicts extra damage upon your enemies.
   It affects your dexterity (+4).
   It protects you from fire.
   It may slow you when you take damage.
Armour
 b - the +15 Maxwell's patent armour (worn) {-Cast -Tele rElec MR+ rCorr}
   (You found it in the Dungeon)

   It insulates you from electricity.
   It affects your resistance to hostile enchantments.
   It prevents spellcasting.
   It prevents most forms of teleportation.
   It provides partial protection from all sources of acid and corrosion.
 E - the +18 shield of the Gong (worn) {rElec rN+ MR+ EV-5}
   (You found it in the Dungeon)

   It affects your evasion (-5).
   It insulates you from electricity.
   It protects you from negative energy.
   It affects your resistance to hostile enchantments.
 K - a +2 pair of gloves of strength (worn)
 R - the +2 pair of boots of the Assassin (worn) {Detection Stab+ Stlth++}
   (You found it in the Dungeon)

   It makes you much more stealthy.
 U - the +2 hat of the Bear Spirit {Spirit, +Rage rN+ MR++}
   (You found it in the Dungeon)

   It protects you from negative energy.
   It affects your resistance to hostile enchantments.
   It lets you go berserk.
 Z - a +2 helmet of see invisible (worn)
Jewellery
 g - the amulet "Fuurruy" {Fragile +Rage Str+7 Slay+3}
   (You found it in the Dungeon)

   [amulet of rage]

   It affects your strength (+7).
   It affects your accuracy and damage with ranged weapons and melee attacks
   (+3).
   It lets you go berserk.
   It will be destroyed if unequipped.
 o - the amulet "Hizuntox" {Harm *Drain rC+}
   (You found it in the Dungeon)

   [amulet of harm]

   It increases damage dealt and taken.
   It protects you from cold.
   It causes draining when unequipped.
 r - the cursed ring of Jezosk {rElec rC- Int-2 Dex+4 Slay+4}
   (You found it in the Dungeon)

   [ring of intelligence]

   It affects your intelligence (-2).
   It affects your dexterity (+4).
   It affects your accuracy and damage with ranged weapons and melee attacks
   (+4).
   It makes you vulnerable to cold.
   It insulates you from electricity.
   It has a curse placed upon it.
 z - an uncursed ring of protection from cold
 A - the ring of Phasing (right hand) {EV+8}
   (You found it in the Dungeon)

   [ring of evasion]

   It affects your evasion (+8).
 G - the amulet "Qoedon" {RegenMP rF+++ rC+ rN+ Dex-4}
   (You found it in the Dungeon)

   [amulet of magic regeneration]

   It increases your magic regeneration.
   It affects your dexterity (-4).
   It renders you almost immune to fire.
   It protects you from cold.
   It protects you from negative energy.
 I - the ring "Sude" {rPois EV+5 Str+2 Dex+4}
   (You found it in the Dungeon)

   [ring of evasion]

   It affects your evasion (+5).
   It affects your strength (+2).
   It affects your dexterity (+4).
   It protects you from poison.
 N - the ring of the Burgomaster {rElec rC+ MR+ Str+4 Int+2}
   (You found it in the Dungeon)

   [ring of protection from cold]

   It affects your strength (+4).
   It affects your intelligence (+2).
   It protects you from cold.
   It insulates you from electricity.
   It affects your resistance to hostile enchantments.
 O - the ring "Tifofioc" {*Contam rElec rF+++ MR- AC+6}
   (You found it in the Dungeon)

   [ring of protection]

   It affects your AC (+6).
   It renders you almost immune to fire.
   It insulates you from electricity.
   It affects your resistance to hostile enchantments.
   It causes magical contamination when unequipped.
 Q - the ring "Ownam" (left hand) {+Fly rElec rN++ Dex+3 Slay+2}
   (You found it in the Dungeon)

   [ring of flight]

   It affects your dexterity (+3).
   It affects your accuracy and damage with ranged weapons and melee attacks
   (+2).
   It insulates you from electricity.
   It greatly protects you from negative energy.
   It lets you fly.
Wands
 u - a wand of disintegration (7)
 v - a wand of iceblast (7)
 w - a wand of acid (7)
Scrolls
 i - 4 scrolls of blinking
 j - 7 scrolls of fog
 k - 3 scrolls of holy word
 l - 3 scrolls of identify
 m - 5 scrolls of remove curse
 n - 2 scrolls of fear
 x - 9 scrolls of brand weapon
 y - 12 scrolls of enchant weapon
 F - 19 scrolls of enchant armour
Potions
 d - 10 potions of curing
 e - 13 potions of heal wounds
 f - 10 potions of haste
 h - 3 potions of berserk rage
 p - 2 potions of invisibility
 q - 4 potions of resistance
 s - 6 potions of agility
 t - 5 potions of might
Comestibles
 c - 6 rations
 D - 26 chunks of flesh


   Skills:
 O Level 27 Fighting
 O Level 27 Axes
   Level 12.3(22.4) Maces & Flails
 O Level 27 Armour
 O Level 27 Dodging
 + Level 22.2 Stealth
 O Level 27 Shields


You had 19 spell levels left.
You didn't know any spells.
Your spell library was empty.

Dungeon Overview and Level Annotations

Branches:
Dungeon (1/1)

Altars:
Ashenzari
Cheibriados
Dithmenos
Elyvilon
Fedhas
Gozag
Hepliaklqana
Kikubaaqudgha
Makhleb
Nemelex Xobeh
Okawaru
Qazlal
Ru
Sif Muna
Trog
Uskayaw
Vehumet
Wu Jian
Xom
Yredelemnul
Zin
The Shining One
Beogh
Jiyva
Lugonu


Innate Abilities, Weirdness & Mutations

You are resistant to torment.
Your stone body is resilient. (AC +15)
You are immune to poison.
Your large and strong wings let you fly indefinitely.
You resist negative energy. (rN+)
You are resistant to electric shocks. (rElec)
You can survive without breathing.
You are immune to petrification.
You are immune to rotting.
Scrolls take you a little longer to read.
You occasionally shout uncontrollably at your foes.


Message History

There is a transporter here.
Drop what? 52/52 slots (_ for help) (? for menu, Esc to quit)
You drop a +6 amulet of reflection.
You drop a +3 amulet of reflection.
You drop an uncursed ring of protection from magic.
You drop an uncursed ring of positive energy. x2
You drop the amulet "Oquy" {Faith *Slow rN+++ Stlth+}.
You drop the ring "Mikatub" {*Drain rF+ MR+++ Int+3 Dex+4}.
You drop a +4 ring of dexterity.
An exit appears before you!
You enter the transporter and appear at another place.
Found the Orb of Zot.
Found a staircase leading out of the dungeon.
You see here the Orb of Zot.
You see here the Orb of Zot.
You pick up the Orb of Zot!
The Orb lets out a hideous shriek!
The lords of Pandemonium are not amused.
Beware!
Now all you have to do is get back out of the dungeon!
There is a staircase leading out of the dungeon here.
You have escaped!

............▓.............▓...8©8
............▓.............▓..:)[:
............▓.............▓..:..}
............▓.............▓......
............▓......©......▓......
...(........▓▓▓▓▓▓▓▓▓▓▓▓▓▓▓......
▓.......▓...▓8888888888888▓......
.▓.))))▓.▓..▓8...........8▓..▓)†)
▓..)))..▓...▓8..@.....©..8▓.▓..).
....(.......▓8...........8▓....©.
....©÷..(...▓8888888888888▓▓▓▓▓▓▓
▓▓▓▓▓▓▓▓▓▓▓▓▓▓▓▓▓▓▓▓▓▓▓▓▓▓▓▓▓▓▓▓▓
.....8©8........▓........8©8.....
)[.).})):.[)})).▓..}:.|}))[:)[)[=
.}[.|:|)::))}:..▓.):|.}).).))}[).
[.}||)))".|)[.[.▓..).)):):::.:)).
................▓.........:.[....


There were no monsters in sight!

Vanquished Creatures
  2 ancient liches (D)
  A juggernaut (shapeshifter) (D)
  3 shard shrikes (shapeshifter) (D)
  2 caustic shrikes (shapeshifter) (D)
  2 golden dragons (shapeshifter) (D)
  3 titans (shapeshifter) (D)
  A quicksilver dragon (shapeshifter) (D)
  9 titans (D)
  A deep elf master archer (D)
  5 liches (D)
  An acid blob (shapeshifter) (D)
  2 acid blobs (D)
  2 sphinxes (shapeshifter) (D)
  A shadow dragon (D)
  An azure jelly (D)
  10 frost giants (D)
  16 nagarajas (D)
  5 orc warlords (D)
  7 fire giants (D)
  A ghost moth (shapeshifter) (D)
  5 vampire knights (D)
  3 ghouls (D)
  2 stone giants (shapeshifter) (D)
  15 stone giants (D)
  An entropy weaver (shapeshifter) (D)
  An entropy weaver (D)
  A minotaur (shapeshifter) (D)
  A deep elf death mage (D)
  11 ettins (D)
  3 fire dragons (D)
  3 death oozes (D)
  4 merfolk javelineers (D)
  A green death (D)
  A yaktaur captain (D)
  2 great orbs of eyes (D)
  12 naga warriors (D)
  16 vault guards (D)
  3 anacondas (shapeshifter) (D)
  3 hydras (D)
  A centaur warrior (D)
  9 anacondas (D)
  A satyr (shapeshifter) (D)
  A catoblepas (shapeshifter) (D)
  3 dancing weapons (D)
  A death yak (shapeshifter) (D)
  2 two-headed ogres (D)
  A queen ant (shapeshifter) (D)
  A vampire mage (D)
  4 shock serpents (shapeshifter) (D)
  4 orc high priests (D)
  2 deep elf knights (D)
  3 skeletal warriors (D)
  An unseen horror (shapeshifter) (D)
  2 sea snakes (shapeshifter) (D)
  3 swamp dragons (D)
  3 deep elf archers (D)
  3 swamp dragons (shapeshifter) (D)
  A harpy (shapeshifter) (D)
  A lindwurm (shapeshifter) (D)
  5 necromancers (D)
  7 orc knights (D)
  A wolf spider (shapeshifter) (D)
  2 wolf spiders (D)
  4 orc sorcerers (D)
  A faun (shapeshifter) (D)
  A mana viper (shapeshifter) (D)
  An orb spider (D)
  A deep elf mage (D)
  A moth of wrath (D)
  5 cyclopes (D)
  A shining eye (D)
  2 moths of wrath (shapeshifter) (D)
  20 black mambas (D)
  2 black mambas (shapeshifter) (D)
  2 eyes of devastation (shapeshifter) (D)
  3 eyes of devastation (D)
  10 guardian serpents (D)
  2 guardian serpents (shapeshifter) (D)
  17 naga magi (D)
  A spiny frog (shapeshifter) (D)
  A torpor snail (D)
  A yaktaur (shapeshifter) (D)
  A komodo dragon (shapeshifter) (D)
  2 demonic crawlers (D)
  4 rime drakes (D)
  7 yaktaurs (D)
  A troll (shapeshifter) (D)
  2 trolls (D)
  A polar bear (shapeshifter) (D)
  2 meliai (shapeshifter) (D)
  2 jumping spiders (D)
  2 queen bees (shapeshifter) (D)
  2 merfolk (shapeshifter) (D)
  A jumping spider (shapeshifter) (D)
  A wind drake (shapeshifter) (D)
  2 raiju (shapeshifter) (D)
  5 slime creatures (D)
  3 slime creatures (shapeshifter) (D)
  A raiju (D)
  A hippogriff (shapeshifter) (D)
  2 spriggans (shapeshifter) (D)
  6 shadows (D)
  A yak (shapeshifter) (D)
  3 vampires (D)
  2 redbacks (shapeshifter) (D)
  A redback (D)
  A golden eye (shapeshifter) (D)
  A golden eye (D)
  2 fire elementals (D)
  A hog (shapeshifter) (D)
  A steam dragon (D)
  2 swamp worms (shapeshifter) (D)
  6 wargs (D)
  18 nagas (D)
  A floating eye (shapeshifter) (D)
  18 water moccasins (D)
  4 swamp drakes (D)
  2 floating eyes (D)
  9 orc warriors (D)
  An ice beast (shapeshifter) (D)
  2 ice beasts (D)
  2 black bears (shapeshifter) (D)
  4 necrophages (D)
  A tengu (shapeshifter) (D)
  9 ogres (D)
  An earth elemental (D)
  2 small abominations (D)
  5 wights (D)
  3 quasits (D)
  3 iron imps (D)
  7 orc priests (D)
  6 jellies (D)
  5 orc wizards (D)
  A gnoll (D)
  7 adders (D)
  A shadow imp (D)
  2 white imps (D)
  4 oozes (D)
  3 ufetubi (D)
  An ooze (shapeshifter) (D)
  4 adder skeletons (D)
  2 adder zombies (D)
  11 orcs (D)
  A bat skeleton (D)
  10 ball pythons (D)
  A giant cockroach zombie (D)
  A quokka skeleton (D)
522 creatures vanquished.

Vanquished Creatures (others)
  A centaur (D)
  A crimson imp (D)
  An orc wizard (D)
  An ooze (D)
4 creatures vanquished.

Grand Total: 526 creatures vanquished

Notes
Turn   | Place    | Note
-------+----------+-------------------------------------------
     0 | D        | Fang the Gargoyle Berserker began the quest for the Orb.
     0 | D        | Reached XP level 1. HP: 14/14 MP: 1/1
     6 | D        | Found a blossoming altar of Fedhas.
     7 | D        | Found the +6 Majin-Bo {vamp, Archmagi MP+6 Int+6}
     7 | D        | Found the +7 great mace "Firestarter" {inner flame, rF++}
     7 | D        | Found a transporter.
     7 | D        | Found a viscous altar of Jiyva.
     7 | D        | Found an ancient bone altar of Kikubaaqudgha.
     7 | D        | Found a hazy altar of Hepliaklqana.
     7 | D        | Found a corrupted altar of Lugonu.
     7 | D        | Found an opulent altar of Gozag.
     7 | D        | Found a burning altar of Makhleb.
    11 | D        | Found a stormy altar of Qazlal.
    11 | D        | Found an iron altar of Okawaru.
    11 | D        | Found a sacrificial altar of Ru.
    11 | D        | Found a sparkling altar of Nemelex Xobeh.
    11 | D        | Found a shimmering blue altar of Sif Muna.
    11 | D        | Found a bloodstained altar of Trog.
    18 | D        | Found the +9 heavy crossbow "Sniper" {velocity, Acc+∞ SInv}
    18 | D        | Found the +10 dark maul {crush}
    18 | D        | Found the +15 Maxwell's patent armour {-Cast -Tele rElec
                  | MR+ rCorr}
    18 | D        | Found the +18 shield of the Gong {rElec rN+ MR+ EV-5}
    18 | D        | Found the cursed +14 obsidian axe {chop, +Fly SInv *Curse}
    83 | D        | Entered arena 2.
    83 | D        | Noticed an ice beast
    83 | D        | Noticed an ice beast
    83 | D        | Found a transporter.
    85 | D        | Killed an ice beast
    85 | D        | Reached skill level 5 in Fighting
    85 | D        | Reached skill level 5 in Armour
    85 | D        | Reached XP level 2. HP: 22/22 MP: 2/2
    85 | D        | Reached XP level 3. HP: 27/27 MP: 3/3
    85 | D        | Reached XP level 4. HP: 32/32 MP: 4/4
    88 | D        | Killed an ice beast
    88 | D        | Reached skill level 5 in Axes
    88 | D        | Reached XP level 5. HP: 37/37 MP: 5/5
   248 | D        | Entered arena 3.
   248 | D        | Found a transporter.
   251 | D        | Reached ** piety under Trog
   253 | D        | Reached skill level 5 in Dodging
   257 | D        | Reached XP level 6. HP: 44/44 MP: 6/6
   264 | D        | Entered arena 4.
   264 | D        | Noticed a two-headed ogre
   264 | D        | Noticed a two-headed ogre
   264 | D        | Noticed a troll
   264 | D        | Found a transporter.
   265 | D        | Found the +8 arc blade {discharge, rElec}
   270 | D        | Killed a two-headed ogre
   270 | D        | Reached *** piety under Trog
   270 | D        | Reached skill level 10 in Fighting
   270 | D        | Reached XP level 7. HP: 52/52 MP: 7/7
   270 | D        | Reached XP level 8. HP: 57/57 MP: 8/8
   271 | D        | Killed a troll
   271 | D        | Reached skill level 10 in Armour
   272 | D        | Killed a two-headed ogre
   272 | D        | Reached XP level 9. HP: 64/64 MP: 9/9
   333 | D        | Entered arena 5.
   333 | D        | Found a transporter.
   337 | D        | Reached **** piety under Trog
   347 | D        | Entered arena 6.
   347 | D        | Found a transporter.
   351 | D        | Reached ***** piety under Trog
   367 | D        | Entered arena 7.
   367 | D        | Noticed a deep elf archer
   367 | D        | Noticed a deep elf knight
   367 | D        | Noticed a deep elf archer
   367 | D        | Noticed a deep elf knight
   367 | D        | Noticed a +0 flail of protection
   368 | D        | Found a transporter.
   376 | D        | Killed a +0 flail of protection
   376 | D        | Reached skill level 10 in Axes
   376 | D        | Killed a deep elf knight
   379 | D        | Killed a deep elf knight
   379 | D        | Received a gift from Trog
   379 | D        | Reached skill level 10 in Dodging
   379 | D        | Reached XP level 10. HP: 72/72 MP: 10/10
   400 | D        | Killed a deep elf archer
   410 | D        | Killed a deep elf archer
   410 | D        | Reached ****** piety under Trog
   634 | D        | Entered arena 8.
   635 | D        | Found the ring of Phasing {EV+8}
   635 | D        | Found a transporter.
   643 | D        | Received a gift from Trog
   665 | D        | Entered arena 9.
   665 | D        | Noticed a +1 flail of holy wrath
   665 | D        | Noticed a deep elf mage
   665 | D        | Noticed a deep elf death mage
   665 | D        | Noticed a deep elf archer
   665 | D        | Noticed a +3 flail of protection
   666 | D        | Identified the +7 long sword "Killer Klown's Death"
                  | {freeze, SInv}
   666 | D        | Found a transporter.
   669 | D        | Noticed a soul eater
   675 | D        | Killed a +3 flail of protection
   675 | D        | Reached skill level 15 in Armour
   680 | D        | Killed a deep elf mage
   684 | D        | Killed a deep elf death mage
   684 | D        | Reached XP level 11. HP: 68/80 MP: 11/11
   685 | D        | Killed a +1 flail of holy wrath
   685 | D        | Received a gift from Trog
   700 | D        | Killed a deep elf archer
   746 | D        | Entered arena 10.
   747 | D        | Found a transporter.
   758 | D        | Received a gift from Trog
   865 | D        | Entered arena 11.
   866 | D        | Found a transporter.
   872 | D        | Reached skill level 15 in Fighting
   872 | D        | Received a gift from Trog
   878 | D        | Received a gift from Trog
   905 | D        | Entered arena 12.
   905 | D        | Noticed a wolf spider
   905 | D        | Noticed a wolf spider
   906 | D        | Noticed an entropy weaver
   906 | D        | Noticed an orb spider
   907 | D        | Found the +5 scythe "Finisher" {speed, eviscerate}
   910 | D        | Reached skill level 1 in Shields
   911 | D        | Killed a wolf spider
   912 | D        | Killed a wolf spider
   915 | D        | Killed an entropy weaver
   915 | D        | Reached skill level 5 in Shields
   919 | D        | Found a transporter.
   924 | D        | Killed an orb spider
   924 | D        | Reached XP level 12. HP: 71/88 MP: 12/12
   939 | D        | Got the amulet "Qoedon" {RegenMP rF+++ rC+ rN+ Dex-4}
   981 | D        | Entered arena 13.
   981 | D        | Noticed a vampire mage
   981 | D        | Noticed a lich
   981 | D        | Noticed a ghoul
   981 | D        | Noticed a ghoul
   986 | D        | Killed a vampire mage
   986 | D        | Received a gift from Trog
   990 | D        | Killed a lich
   992 | D        | Received a gift from Trog
  1004 | D        | Killed a ghoul
  1007 | D        | Killed a ghoul
  1033 | D        | Found a transporter.
  1063 | D        | Entered arena 14.
  1064 | D        | Noticed a nagaraja
  1065 | D        | Noticed a nagaraja
  1065 | D        | Noticed a naga warrior
  1066 | D        | Found a transporter.
  1070 | D        | Received a gift from Trog
  1074 | D        | Killed a nagaraja
  1077 | D        | Received a gift from Trog
  1077 | D        | Reached skill level 10 in Shields
  1079 | D        | Killed a nagaraja
  1079 | D        | Reached skill level 15 in Axes
  1080 | D        | Killed a naga warrior
  1080 | D        | Reached XP level 13. HP: 96/96 MP: 13/13
  1146 | D        | Entered arena 15.
  1147 | D        | Noticed a death ooze
  1148 | D        | Noticed a death ooze
  1148 | D        | Noticed an acid blob
  1148 | D        | Noticed a great orb of eyes
  1149 | D        | Found a transporter.
  1152 | D        | Killed a death ooze
  1152 | D        | Received a gift from Trog
  1152 | D        | Paralysed by a floating eye for 4 turns
  1160 | D        | Killed an acid blob
  1160 | D        | Received a gift from Trog
  1162 | D        | Killed a death ooze
  1165 | D        | Killed a great orb of eyes
  1205 | D        | Identified a +1 pair of boots of running (You found it in
                  | the Dungeon)
  1289 | D        | Entered arena 16.
  1291 | D        | Noticed a green death
  1298 | D        | Received a gift from Trog
  1302 | D        | Killed a green death
  1304 | D        | Received a gift from Trog
  1361 | D        | Found a transporter.
  1398 | D        | Entered arena 17.
  1401 | D        | Noticed a deep elf master archer
  1401 | D        | Noticed a yaktaur captain
  1402 | D        | Identified the cursed +3 broad axe of Day {freeze, Str+2
                  | Dex+4}
  1402 | D        | Identified the +0 ring mail of Gallantry {+Inv Str+4 Int+3}
  1402 | D        | Noticed a merfolk javelineer
  1402 | D        | Noticed a merfolk javelineer
  1402 | D        | Noticed a merfolk javelineer
  1402 | D        | Identified the +7 great sword of Roniu {slice, rElec rPois}
  1402 | D        | Noticed a merfolk javelineer
  1404 | D        | Found a transporter.
  1408 | D        | Received a gift from Trog
  1411 | D        | Killed a merfolk javelineer
  1415 | D        | Killed a deep elf master archer
  1421 | D        | Received a gift from Trog
  1421 | D        | Killed a merfolk javelineer
  1424 | D        | Killed a yaktaur captain
  1428 | D        | Killed a merfolk javelineer
  1431 | D        | Killed a merfolk javelineer
  1431 | D        | Received a gift from Trog
  1524 | D        | Entered arena 18.
  1527 | D        | Noticed a fire dragon
  1527 | D        | Noticed a fire dragon
  1527 | D        | Noticed a fire dragon
  1530 | D        | Found a transporter.
  1534 | D        | Gained mutation: Your large and strong wings let you fly
                  | indefinitely. [Gargoyle growth]
  1534 | D        | Reached XP level 14. HP: 106/106 MP: 14/14
  1538 | D        | Received a gift from Trog
  1545 | D        | Received a gift from Trog
  1545 | D        | Reached skill level 15 in Shields
  1548 | D        | Got a scorched broad axe {god gift}
  1549 | D        | Identified the +7 broad axe "Muikh" {chaos, *Rage rC+ SInv}
                  | (Trog gifted it to you in the Dungeon)
  1713 | D        | Entered arena 19.
  1716 | D        | Noticed an azure jelly
  1717 | D        | Noticed an acid blob
  1719 | D        | Found a transporter.
  1722 | D        | Killed an azure jelly
  1724 | D        | Received a gift from Trog
  1727 | D        | Paralysed by a floating eye for 3 turns
  1732 | D        | Killed an acid blob
  1733 | D        | Gained mutation: You occasionally shout uncontrollably at
                  | your foes. [a shining eye]
  1735 | D        | Received a gift from Trog
  1756 | D        | Got the ring of Dunuis Enea {rF+ Int+5}
  1816 | D        | Entered arena 20.
  1821 | D        | Noticed a shadow dragon
  1821 | D        | Noticed a stone giant
  1821 | D        | Noticed a lich
  1821 | D        | Noticed a stone giant
  1821 | D        | Noticed a stone giant
  1824 | D        | Found a transporter.
  1829 | D        | Received a gift from Trog
  1833 | D        | Killed a shadow dragon
  1838 | D        | Killed a lich
  1838 | D        | Received a gift from Trog
  1839 | D        | Reached XP level 15. HP: 115/115 MP: 15/15
  1841 | D        | Received a gift from Trog
  1841 | D        | Reached skill level 15 in Dodging
  1921 | D        | Entered arena 21.
  1927 | D        | Noticed an orc warlord
  1928 | D        | Identified the +11 long sword "Sarcophage" {slice, rPois
                  | MR+ Dex-2}
  1928 | D        | Identified the +1 robe of Wozu {rN+ MR- Str+3 Dex+2}
  1928 | D        | Identified the +5 scale mail of the Nightingale {-Cast rF+
                  | rC+}
  1928 | D        | Noticed an orc warlord
  1929 | D        | Found the +2 pair of boots of the Assassin {Detection Stab+
                  | Stlth++}
  1929 | D        | Noticed an orc warlord
  1929 | D        | Noticed an orc warlord
  1930 | D        | Found the +7 Spriggan's Knife {stab, EV+4 Stlth+}
  1930 | D        | Identified the +3 spear of Conscience {freeze, +Fly rN+
                  | Str+5 Stlth-}
  1932 | D        | Received a gift from Trog
  1942 | D        | Received a gift from Trog
  1948 | D        | Killed an orc warlord
  1953 | D        | Received a gift from Trog
  1964 | D        | Killed an orc warlord
  1965 | D        | Found a transporter.
  1968 | D        | Killed an orc warlord
  1968 | D        | Received a gift from Trog
  1971 | D        | Killed an orc warlord
  2024 | D        | Got the ring "Tifofioc" {*Contam rElec rF+++ MR- AC+6}
  2030 | D        | Got the ring "Ownam" {+Fly rElec rN++ Dex+3 Slay+2}
  2181 | D        | Entered arena 22.
  2196 | D        | Identified the ring of the Marlin {rN+ MR+}
  2200 | D        | Identified the ring "Mikatub" {*Drain rF+ MR+++ Int+3
                  | Dex+4}
  2201 | D        | Received a gift from Trog
  2201 | D        | Noticed an orc warlord
  2209 | D        | Received a gift from Trog
  2213 | D        | Received a gift from Trog
  2219 | D        | Killed an orc warlord
  2222 | D        | Reached XP level 16. HP: 125/125 MP: 16/16
  2223 | D        | Received a gift from Trog
  2262 | D        | Found a transporter.
  2310 | D        | Entered arena 23.
  2316 | D        | Noticed a juggernaut
  2317 | D        | Found the +2 shield of Resistance {rF+ rC+ MR+}
  2317 | D        | Noticed a juggernaut
  2317 | D        | Noticed a titan
  2317 | D        | a juggernaut changed into a titan
  2317 | D        | Noticed a shard shrike
  2317 | D        | Noticed a titan
  2318 | D        | Found the +9 staff of Olgreb {rPois}
  2318 | D        | Noticed a caustic shrike
  2318 | D        | a juggernaut changed into a caustic shrike
  2319 | D        | Noticed a juggernaut
  2319 | D        | Noticed a shard shrike
  2319 | D        | Noticed a titan
  2319 | D        | a shard shrike changed into a titan
  2319 | D        | Noticed an acid blob
  2319 | D        | an iron dragon changed into an acid blob
  2320 | D        | Received a gift from Trog
  2321 | D        | Noticed an iron giant
  2321 | D        | a titan changed into an iron giant
  2321 | D        | Noticed an acid blob
  2321 | D        | a shard shrike changed into an acid blob
  2321 | D        | Noticed a caustic shrike
  2321 | D        | an iron dragon changed into a caustic shrike
  2321 | D        | Noticed a juggernaut
  2321 | D        | a titan changed into a juggernaut
  2324 | D        | Noticed a titan
  2324 | D        | a juggernaut changed into a titan
  2326 | D        | Noticed an iron giant
  2326 | D        | an acid blob changed into an iron giant
  2328 | D        | Noticed a golden dragon
  2328 | D        | an iron giant changed into a golden dragon
  2328 | D        | Noticed an acid blob
  2328 | D        | a caustic shrike changed into an acid blob
  2329 | D        | Noticed an iron giant
  2329 | D        | a golden dragon changed into an iron giant
  2329 | D        | Noticed an acid blob
  2329 | D        | an iron giant changed into an acid blob
  2329 | D        | Noticed a shadow dragon
  2329 | D        | an acid blob changed into a shadow dragon
  2330 | D        | Noticed a golden dragon
  2330 | D        | a titan changed into a golden dragon
  2330 | D        | a shadow dragon changed into a stone giant
  2332 | D        | Noticed a shadow dragon
  2332 | D        | a caustic shrike changed into a shadow dragon
  2332 | D        | a titan changed into an iron dragon
  2333 | D        | Noticed a caustic shrike
  2333 | D        | a golden dragon changed into a caustic shrike
  2334 | D        | Received a gift from Trog
  2334 | D        | Noticed a titan
  2334 | D        | an acid blob changed into a titan
  2334 | D        | Noticed a quicksilver dragon
  2334 | D        | an acid blob changed into a quicksilver dragon
  2334 | D        | a shadow dragon changed into a fire giant
  2334 | D        | Noticed a caustic shrike
  2334 | D        | a juggernaut changed into a caustic shrike
  2336 | D        | a quicksilver dragon changed into an alligator snapping
                  | turtle
  2336 | D        | Noticed a shadow dragon
  2336 | D        | a fire giant changed into a shadow dragon
  2336 | D        | Noticed a juggernaut
  2336 | D        | an iron dragon changed into a juggernaut
  2337 | D        | Noticed a shadow dragon
  2337 | D        | an iron giant changed into a shadow dragon
  2337 | D        | a shadow dragon changed into a frost giant
  2337 | D        | Noticed a shard shrike
  2337 | D        | a juggernaut changed into a shard shrike
  2339 | D        | Killed a caustic shrike
  2339 | D        | Noticed a caustic shrike
  2339 | D        | an alligator snapping turtle changed into a caustic shrike
  2340 | D        | Noticed a golden dragon
  2340 | D        | a titan changed into a golden dragon
  2340 | D        | Noticed a shadow dragon
  2340 | D        | a caustic shrike changed into a shadow dragon
  2342 | D        | Noticed a sphinx
  2342 | D        | a shadow dragon changed into a sphinx
  2342 | D        | Noticed a juggernaut
  2342 | D        | a shard shrike changed into a juggernaut
  2343 | D        | Received a gift from Trog
  2344 | D        | Killed a caustic shrike
  2344 | D        | Killed a sphinx
  2346 | D        | Noticed a caustic shrike
  2346 | D        | a golden dragon changed into a caustic shrike
  2346 | D        | Noticed an acid blob
  2346 | D        | a shadow dragon changed into an acid blob
  2351 | D        | Killed a juggernaut
  2351 | D        | Received a gift from Trog
  2351 | D        | Noticed an iron giant
  2351 | D        | a caustic shrike changed into an iron giant
  2355 | D        | Killed an acid blob
  2357 | D        | Noticed a golden dragon
  2357 | D        | an iron giant changed into a golden dragon
  2359 | D        | Killed a golden dragon
  2379 | D        | Found a transporter.
  2384 | D        | Got the amulet "Fuurruy" {Fragile +Rage Str+7 Slay+3}
  2390 | D        | Got the ring "Sude" {rPois EV+5 Str+2 Dex+4}
  2428 | D        | Got a scorched broad axe {god gift}
  2429 | D        | Identified the +3 broad axe of the Evening {chop, +Rage
                  | Str+4} (Trog gifted it to you in the Dungeon)
  2450 | D        | Got the +11 broad axe of Purpose {chop, *Slow rF+ Dex+4}
  2475 | D        | Entered arena 24.
  2475 | D        | Identified the +5 hand crossbow "Bealuw" {elec, rPois Int+5
                  | SInv}
  2476 | D        | Identified the +9 dire flail of Famine {speed, rElec}
  2481 | D        | Received a gift from Trog
  2485 | D        | Noticed a lich
  2486 | D        | Reached XP level 17. HP: 134/135 MP: 17/17
  2489 | D        | Noticed a lich
  2489 | D        | Noticed an ancient lich
  2490 | D        | Received a gift from Trog
  2491 | D        | Noticed a lich
  2491 | D        | Identified the +2 long sword of Xom's Brutal Revenge
                  | {freeze, rElec MP-9 Str+2}
  2494 | D        | Noticed an ancient lich
  2495 | D        | Received a gift from Trog
  2504 | D        | Killed a lich
  2505 | D        | Received a gift from Trog
  2509 | D        | Received a gift from Trog
  2510 | D        | Killed a lich
  2510 | D        | Reached XP level 18. HP: 112/143 MP: 18/18
  2512 | D        | Noticed an Ice Fiend
  2514 | D        | Killed an ancient lich
  2514 | D        | Received a gift from Trog
  2518 | D        | Killed a lich
  2518 | D        | Received a gift from Trog
  2525 | D        | Received a gift from Trog
  2528 | D        | Killed an ancient lich
  2533 | D        | Received a gift from Trog
  2779 | D        | Found the +2 hat of the Bear Spirit {Spirit, +Rage rN+
                  | MR++}
  2779 | D        | Found a transporter.
  2854 | D        | Entered arena 25.
  2861 | D        | Noticed a titan
  2861 | D        | Noticed a titan
  2861 | D        | Noticed a titan
  2861 | D        | Noticed a titan
  2861 | D        | Noticed a titan
  2861 | D        | Noticed a titan
  2862 | D        | Noticed a titan
  2862 | D        | Noticed a titan
  2863 | D        | Found the +0 staff of Battle
  2863 | D        | Noticed a titan
  2871 | D        | Reached skill level 27 in Fighting
  2872 | D        | Killed a titan
  2872 | D        | Received a gift from Trog
  2876 | D        | Received a gift from Trog
  2878 | D        | Killed a titan
  2880 | D        | Received a gift from Trog
  2881 | D        | Killed a titan
  2883 | D        | Received a gift from Trog
  2883 | D        | Killed a titan
  2884 | D        | Killed a titan
  2884 | D        | Received a gift from Trog
  2888 | D        | Killed a titan
  2889 | D        | Received a gift from Trog
  2890 | D        | Reached XP level 19. HP: 133/151 MP: 19/19
  2891 | D        | Received a gift from Trog
  2894 | D        | Reached skill level 27 in Shields
  2898 | D        | Received a gift from Trog
  2900 | D        | Received a gift from Trog
  2907 | D        | Received a gift from Trog
  2918 | D        | Found a transporter.
  2987 | D        | Got the amulet "Hizuntox" {Harm *Drain rC+}
  3076 | D        | Entered arena 26.
  3085 | D        | Noticed a shard shrike
  3085 | D        | Noticed a shard shrike
  3086 | D        | Noticed a juggernaut
  3086 | D        | Noticed a shard shrike
  3086 | D        | Noticed a shard shrike
  3086 | D        | Noticed a juggernaut
  3086 | D        | a shard shrike changed into a juggernaut
  3086 | D        | Noticed an iron giant
  3086 | D        | a shard shrike changed into an iron giant
  3086 | D        | Noticed a juggernaut
  3086 | D        | a shard shrike changed into a juggernaut
  3086 | D        | Noticed a shard shrike
  3086 | D        | a glowing shapeshifter changed into a shard shrike
  3087 | D        | a juggernaut changed into a titan
  3087 | D        | a shard shrike changed into a titan
  3087 | D        | Noticed a shard shrike
  3087 | D        | a juggernaut changed into a shard shrike
  3087 | D        | Noticed a juggernaut
  3087 | D        | a shard shrike changed into a juggernaut
  3089 | D        | Noticed a shard shrike
  3089 | D        | a titan changed into a shard shrike
  3089 | D        | an iron giant changed into an iron dragon
  3089 | D        | Noticed a shard shrike
  3089 | D        | a titan changed into a shard shrike
  3089 | D        | a shard shrike changed into a titan
  3090 | D        | Gained mutation: Scrolls take you a little longer to read.
                  | [a shining eye]
  3093 | D        | a juggernaut changed into a titan
  3094 | D        | Paralysed by a floating eye for 2 turns
  3095 | D        | Noticed a juggernaut
  3095 | D        | a titan changed into a juggernaut
  3095 | D        | a juggernaut changed into a titan
  3095 | D        | Noticed a caustic shrike
  3096 | D        | a juggernaut changed into a titan
  3096 | D        | Noticed a juggernaut
  3096 | D        | a shard shrike changed into a juggernaut
  3096 | D        | Noticed a shard shrike
  3096 | D        | a titan changed into a shard shrike
  3097 | D        | Noticed an iron giant
  3097 | D        | a caustic shrike changed into an iron giant
  3097 | D        | Noticed a shard shrike
  3097 | D        | a titan changed into a shard shrike
  3097 | D        | Noticed a golden dragon
  3097 | D        | a titan changed into a golden dragon
  3099 | D        | a juggernaut changed into a titan
  3101 | D        | Noticed a shard shrike
  3101 | D        | a titan changed into a shard shrike
  3102 | D        | Killed a shard shrike
  3102 | D        | Reached skill level 27 in Axes
  3103 | D        | Noticed a golden dragon
  3104 | D        | Received a gift from Trog
  3105 | D        | Killed a shard shrike
  3105 | D        | a golden dragon changed into a fire giant
  3110 | D        | Killed a shard shrike
  3110 | D        | Received a gift from Trog
  3110 | D        | Reached skill level 27 in Armour
  3111 | D        | Noticed a juggernaut
  3111 | D        | a shard shrike changed into a juggernaut
  3115 | D        | Killed a golden dragon
  3117 | D        | Received a gift from Trog
  3118 | D        | a juggernaut changed into a titan
  3120 | D        | Received a gift from Trog
  3122 | D        | Received a gift from Trog
  3131 | D        | Received a gift from Trog
  3138 | D        | Received a gift from Trog
  3139 | D        | Reached XP level 20. HP: 157/157 MP: 2/20
  3192 | D        | Found the +10 morningstar "Eos" {elec, Halo rElec}
  3192 | D        | Found a transporter.
  3207 | D        | Got the cursed ring of Jezosk {rElec rC- Int-2 Dex+4
                  | Slay+4}
  3211 | D        | Got the ring of Doubts {Ice MR+}
  3269 | D        | Entered arena 27.
  3279 | D        | Identified the +6 hand axe of the Messenger {protect, +Inv
                  | rPois rF- Int+3}
  3279 | D        | Identified the cursed +1 morningstar "Quget" {crush, rElec
                  | rC+}
  3282 | D        | Received a gift from Trog
  3284 | D        | Identified the +9 halberd of Discretion {vamp, *Rage rC++}
  3285 | D        | Received a gift from Trog
  3287 | D        | Received a gift from Trog
  3289 | D        | Received a gift from Trog
  3293 | D        | Received a gift from Trog
  3294 | D        | Received a gift from Trog
  3297 | D        | Received a gift from Trog
  3297 | D        | Reached skill level 27 in Dodging
  3297 | D        | Reached skill level 1 in Maces & Flails
  3301 | D        | Received a gift from Trog
  3302 | D        | Reached skill level 10 in Maces & Flails
  3306 | D        | Received a gift from Trog
  3311 | D        | Reached skill level 1 in Stealth
  3356 | D        | Found a transporter.
  3364 | D        | Got the ring of the Burgomaster {rElec rC+ MR+ Str+4 Int+2}
  3430 | D        | Entered arena 28.
  3440 | D        | Identified the cursed +1 mace of the Hawk {speed, rElec MR+
                  | Str-5}
  3441 | D        | Identified the +7 war axe "Sysozor" {freeze, rElec rPois
                  | Int+5 Dex-3}
  3441 | D        | Identified the +0 troll leather armour of Reason {rElec rF-
                  | Regen+ Dex+7}
  3443 | D        | Received a gift from Trog
  3444 | D        | Identified the +2 quick blade of Saltpetre {elec, -Tele
                  | Int+4}
  3446 | D        | Received a gift from Trog
  3446 | D        | Reached skill level 10 in Stealth
  3448 | D        | Received a gift from Trog
  3448 | D        | Identified the amulet "Oquy" {Faith *Slow rN+++ Stlth+}
  3449 | D        | Received a gift from Trog
  3453 | D        | Received a gift from Trog
  3456 | D        | Reached skill level 15 in Stealth
  3457 | D        | Received a gift from Trog
  3461 | D        | Received a gift from Trog
  3475 | D        | Received a gift from Trog
  3479 | D        | Received a gift from Trog
  3487 | D        | Received a gift from Trog
  3529 | D        | Found a transporter.
  3639 | D        | Got the Orb of Zot
  3644 | D        | Escaped with the Orb!

Levels and vault maps discovered:
D:        sprint_v [room_start, room_1, room_2, room_3, room_4, room_5, room_6,
          room_7, room_8, room_9, room_10, room_11, room_12, room_13, room_14,
          room_15, room_16, room_17, room_18, room_19, room_20, room_21,
          room_22, room_23, room_24, room_25, room_26, room_27]

Skill      XL: |  1  2  3  4  5  6  7  8  9 10 11 12 13 14 15 16 17 18 19 20 |
---------------+-------------------------------------------------------------+-----
Fighting       | 5 6 7 10 11 12 14 15 17 19 21 23 25 27 | 27.0
Axes           | 4 5 6 8 9 11 12 13 15 16 18 20 22 25 27 | 27.0
Armour         | 5 6 9 11 14 16 17 18 19 20 21 22 24 27 | 27.0
Dodging        | 3 4 5 7 8 10 11 12 13 14 16 17 19 24 27 | 27.0
Shields        | 5 10 14 17 20 22 23 26 27 | 27.0
Maces & Flails | 12 | 12.3
Stealth        | 22 | 22.2

Action                   |  1- 3 |  4- 6 |  7- 9 | 10-12 | 13-15 | 16-18 | 19-21 || total
-------------------------+-------+-------+-------+-------+-------+-------+-------++-------
Melee: Broad axe         |     1 |    14 |    19 |   121 |   201 |   135 |   154 ||   645
Invok: Berserk           |     1 |     1 |     1 |     4 |     8 |     3 |     3 ||    21
       Trog's Hand       |       |       |       |       |     1 |       |       ||     1
       Brothers in Arms  |       |       |       |       |       |     1 |       ||     1
  Use: Scroll            |       |       |       |     6 |     2 |     1 |       ||     9
       Potion            |       |       |       |       |       |     2 |       ||     2
  Eat: Chunk             |       |       |       |     6 |     8 |     5 |     7 ||    26
       Ration            |       |       |       |       |     1 |       |       ||     1
Armor: Plate armour      |       |     8 |    10 |    80 |    76 |    37 |    59 ||   270
Dodge: Dodged            |       |     1 |     2 |    51 |    44 |    32 |    68 ||   198
Block: Shield            |       |    25 |    31 |   213 |   248 |   177 |   281 ||   975
